 Dungeon Crawl Stone Soup version 0.19.1 (webtiles) character file.

39 Alarkh the Charmwright (level 3, -2/24 HPs)
             Began as a High Elf Skald on Nov 27, 2016.
             Slain by an adder (4 damage)
             ... on level 2 of the Dungeon.
             The game lasted 00:01:07 (780 turns).

Alarkh the Charmwright (High Elf Skald)              Turns: 780, Time: 00:01:08

Health: -2/24      AC:  3    Str: 11    XL:     3   Next: 28%
Magic:  4/8        EV: 11    Int: 17    God:
Gold:   79         SH:  0    Dex: 14    Spells: 2 memorised, 4 levels left

rFire  . . .     SeeInvis .     a - +0 falchion
rCold  . . .     Gourm    .     b - +0 leather armour
rNeg   . . .     Faith    .     (no shield)
rPois  .         Spirit   .     (no helmet)
rElec  .         Reflect  .     (no cloak)
rCorr  .         Harm     .     (no gloves)
MR     .....                    (no boots)
Stlth  +.........               (no amulet)
                                (no ring)
                                (no ring)

@: lethally poisoned (-2 -> -3), infused
A: no striking features
a: no special abilities


You were on level 2 of the Dungeon.
You were not hungry.

You visited 1 branch of the dungeon, and saw 2 of its levels.

You collected 79 gold pieces.

Inventory:

Hand Weapons
 a - a +0 falchion (weapon)
Armour
 b - a +0 leather armour (worn)
Scrolls
 e - 2 scrolls of remove curse {unknown}
 h - a scroll of random uselessness {unknown}
 i - 2 scrolls of enchant armour {unknown}
 l - a scroll of enchant weapon {unknown}
 m - a scroll of magic mapping {unknown}
Potions
 g - a potion of berserk rage {unknown}
 j - a potion of curing {unknown}
 k - a potion of brilliance {unknown}
Books
 c - a book of Battle

   Spells                             Type                      Level
   a - Infusion                       Charms                       1
   b - Shroud of Golubria             Charms/Translocation         2
   c - Song of Slaying                Charms                       2
   d - Spectral Weapon                Hexes/Charms                 3
   e - Regeneration                   Charms/Necromancy            3
Comestibles
 d - a bread ration
 f - a meat ration


   Skills:
 - Level 2.0 Fighting
 * Level 3.9 Long Blades
 - Level 0.8 Armour
 - Level 1.1 Dodging
 + Level 2.8 Spellcasting
 + Level 4.0 Charms


You had 4 spell levels left.
You knew the following spells:

 Your Spells              Type           Power        Failure   Level  Hunger
a - Infusion              Chrm           ###.         6%          1    #......
b - Shroud of Golubria    Chrm/Tloc      #.........   17%         2    ##.....


Dungeon Overview and Level Annotations

Branches:
Dungeon (2/15)

Altars:


Message History

The adder barely misses you. The adder bites you.
* * * LOW HITPOINT WARNING * * *
You are poisoned.
The adder poisons you!
You miss the adder.
The adder is lightly wounded.
* * * LOW HITPOINT WARNING * * *
You feel sick. The adder completely misses you.
You closely miss the adder.
The adder is lightly wounded.
The adder barely misses you.
You riposte.
You hit the adder.
The adder is heavily wounded.
You closely miss the adder.
The adder is heavily wounded.
The adder closely misses you. x2
You miss the adder.
The adder is heavily wounded.
* * * LOW HITPOINT WARNING * * *
You feel sick. The adder bites you.
You die...

...≈≈.........#
..≈....≈≈.....# #.##
..≈..≈≈..≈....# #.....
...≈≈....≈....## #..#...
......⌠≈≈......# ..###..
.....≈≈⌠.......##...#..
....≈....≈≈..........
....≈..≈≈.)≈..#..#.#.###
.....≈≈....≈..#.@S......
.........≈≈......#..#..#
........≈≈......## ###..
.###≈≈≈≈≈≈###...# #. #
..###≈≈≈≈## ##### .# #.#
###### .. #.# . #.# #.#


You could see an adder.

Vanquished Creatures
  An adder (D:2)
  A dart slug (D:1)
  A leopard gecko (D:1)
  5 bats (D:1)
  2 goblins (D:1)
  6 hobgoblins
  3 kobolds (D:1)
  A frilled lizard (D:1)
  5 rats
25 creatures vanquished.

Notes
Turn   | Place    | Note
-------+----------+-------------------------------------------
     0 | D:1      | Alarkh the High Elf Skald began the quest for the Orb.
     0 | D:1      | Reached XP level 1. HP: 14/14 MP: 4/4
    94 | D:1      | Reached XP level 2. HP: 13/19 MP: 1/6
   728 | D:1      | Learned a level 2 spell: Shroud of Golubria
   743 | D:2      | Reached XP level 3. HP: 23/24 MP: 4/8
   747 | D:2      | Reached skill level 4 in Charms
   780 | D:2      | Slain by an adder

Skill      XL: |  1  2  3 |
---------------+----------+-----
Long Blades    | 3 |  3.9
Charms         | 4 |  4.0
Fighting       | |  2.0
Armour         | |  0.8
Dodging        | |  1.1
Spellcasting   | |  2.8

Action                   || total
-------------------------++-------
Melee: Falchion          ||    58
 Cast: Infusion          ||    11
 Stab: Sleeping          ||     1
Armor: Leather armour    ||    21
Dodge: Dodged            ||    54
       Rpst.: Falchion   ||    14
